 Dungeon Crawl Stone Soup version 0.31-a0-981-geadf994542 (webtiles) character file.

Game seed: 16593065217595986417

962 Whiskey the Changeling (level 8, -2/55 HPs)
             Began as an Octopode Shapeshifter on Nov 2, 2023.
             Was an Initiate of Gozag.
             Slain by an orc warrior
             ... wielding a +0 broad axe
              (12 damage)
             ... on level 6 of the Dungeon.
             The game lasted 00:08:32 (4639 turns).

Whiskey the Changeling (Octopode Shapeshifter)      Turns: 4639, Time: 00:08:33

Health: -2/55      AC:  1    Str: 14    XL:     8   Next: 15%
Magic:  8/8        EV: 13    Int: 14    God:    Gozag
Gold:   201        SH:  0    Dex: 11    Spells: 7/7 levels left

rFire   . .          .
                       - Unarmed
rCold   . . .        (no shield)
rNeg    . . .        (helmet currently unavailable)
rPois   .            (no amulet)
rElec   .            (no ring)
rCorr   .            (no ring)
SInv    .            (no ring)
Will    .....        (no ring)
Stlth   ++           (no ring)
HPRegen 0.29/turn    (no ring)
MPRegen 0.11/turn    (no ring)
                     (no ring)

%: no passive effects
@: brilliant, beast-form, gold aura
A: beast (slay +4), almost no armour, amphibious, 8 rings, camouflage 1,
gelatinous body 1, (nimble swimmer 1), tentacles
a: Begin Untransformation, Renounce Religion, Potion Petition, Call Merchant,
Bribe Branch


You were on level 6 of the Dungeon.
You worshipped Gozag.
Gozag was aware of your devotion.
You were a hulking beast.
You visited 2 branches of the dungeon, and saw 7 of its levels.

You collected 273 gold pieces.
You paid 72 gold pieces to Gozag.

Inventory:

Missiles
 o - 3 javelins (quivered)
Jewellery
 p - the Hermit's Pendant {Faith Invo=14 Evo=0 MP+5}
   (You found it on level 3 of the Dungeon)

   [amulet of faith]

   Invo=14: It sets your Invocations skill to 14.
   Evo=0: It sets your Evocations skill to 0.
   Faith:     It allows you to gain divine favour quickly.
   MP+5:      It affects your magic capacity (+5).
 v - an amulet of faith {Faith, !P}
   (You found it on level 4 of the Dungeon)
Talismans
 b - a beast talisman
 c - a flux talisman
 m - a beast talisman
   (You found it on level 2 of the Dungeon)
 u - a maw talisman
   (You found it on level 4 of the Dungeon)
Wands
 y - a wand of roots (6)
   (You found it on level 5 of the Dungeon)
 B - a wand of light (3)
   (You found it on level 6 of the Dungeon)
Scrolls
 d - a scroll of enchant weapon {unknown}
 e - 5 scrolls of identify {unknown}
 f - a scroll of blinking {unknown}
 i - a scroll of immolation {unknown}
 j - a scroll of vulnerability {unknown}
 k - 2 scrolls of amnesia {unknown}
 l - 5 scrolls of teleportation {unknown}
 n - 3 scrolls of revelation {unknown}
 r - a scroll of butterflies {unknown}
 s - a scroll of torment {unknown}
Potions
 a - 3 potions of lignification {!q}
 g - 2 potions of curing {unknown}
 h - a potion of enlightenment {unknown}
 q - a potion of haste {unknown}
 t - a potion of heal wounds {unknown}
 w - a potion of resistance {unknown}
 x - 2 potions of attraction {unknown}
 z - a potion of might {unknown}
 A - 2 potions of brilliance


   Skills:
 + Level 5.2 Fighting
 - Level 2.2 Dodging
 - Level 3.1 Unarmed Combat
 * Level 7.3 Shapeshifting


You had 7 spell levels left.
You didn't know any spells.
Your spell library contained the following spells:

 Spells                   Type           Power      Damage    Failure   Level
 Blink                    Tloc           0%         N/A       41%         2
 Lesser Beckoning         Tloc           0%         N/A       41%         2
 Momentum Strike          Conj/Tloc      0%         3d8       41%         2
 Tukima's Dance           Hex            0%         N/A       65%         3
 Passage of Golubria      Tloc           0%         N/A       96%         4
 Yara's Violent Unravell  Hex/Tmut       0%         3d3       100%        5


Dungeon Overview and Level Annotations

Branches:
Dungeon (6/15)             Temple (1/1) D:6

Altars:
Ashenzari
Cheibriados
Dithmenos
Elyvilon
Fedhas
Gozag
Hepliaklqana
Kikubaaqudgha
Makhleb
Nemelex Xobeh
Okawaru
Qazlal
Ru
Sif Muna
Trog
Vehumet
Wu Jian
Xom
Yredelemnul
Zin
The Shining One

Shops:
D:1 [   D:4 *


Innate Abilities, Weirdness & Mutations

You are a hulking beast.
Your limbs bulge with bestial killing power. (Slay +4)
You cannot wear most types of armour.
You are amphibious.
You can wear up to eight rings at the same time.
Your skin changes colour to match your surroundings (Stealth+).
Your rubbery body absorbs attacks. (AC +1, EV +1)
((You are camouflaged when in or above water. (Stealth+)))
You have tentacles for arms and can constrict up to eight enemies at once.


Message History

You take 6 damage, and have 32/55 hp.
You tentacle-slap the orc wizard. You squeeze the orc wizard.
You kill the orc wizard!
You bludgeon the orc!
You kill the orc!
No target in view!
No target in view!
No target in view!
No target in view!
No target in view!
No target in view!
No target in view!
No target in view!
No target in view!
No target in view!
No target in view!
No target in view!
No target in view!
No target in view!
No target in view!
No target in view!
No target in view!
A bullfrog comes into view.
The bullfrog gives a loud, deep croak!
You hear a shout!
Items here: $ )) [[.
The bullfrog hits you.
You take 2 damage, and have 32/55 hp.
You bludgeon the bullfrog! Your grab misses the bullfrog.
The bullfrog hits you. The bullfrog barely misses you.
You take 2 damage, and have 30/55 hp.
You bludgeon the bullfrog! Your grab misses the bullfrog.
You squeeze the bullfrog. The bullfrog hits you.
You take 5 damage, and have 25/55 hp.
You are too injured to fight recklessly!
You are too injured to fight recklessly!
You are too injured to fight recklessly!
You are too injured to fight recklessly!
You are too injured to fight recklessly!
You are too injured to fight recklessly!
You are too injured to fight recklessly!
You are too injured to fight recklessly!
You are too injured to fight recklessly!
You are too injured to fight recklessly!
You are too injured to fight recklessly!
You are too injured to fight recklessly!
You are too injured to fight recklessly!
You are too injured to fight recklessly!
You are too injured to fight recklessly!
You are too injured to fight recklessly!
You are too injured to fight recklessly!
You tentacle-slap the bullfrog.
You kill the bullfrog!
You now have 183 gold pieces (gained 7).
You now have 201 gold pieces (gained 18).
Items here: )) [[.
You start resting.
An orc comes into view. It is wielding a +0 flail.
You regained 6 hp, and now have 33/55 hp.
An orc warrior comes into view. It is wielding a +0 broad axe.
The orc warrior moves out of view.
The orc shouts!
The orc hits you with a +0 flail!
You take 7 damage, and have 28/55 hp.
You bludgeon the orc!
You kill the orc!
Things that are here:
7 gold pieces; a +0 flail The orc warrior barely misses you.
You tentacle-slap the orc warrior but do no damage.
You grab the orc warrior.
You constrict the orc warrior, but do no damage.
The orc warrior hits you with a +0 broad axe!
You take 11 damage, and have 18/55 hp.
You are too injured to fight recklessly!
You are too injured to fight recklessly!
You are too injured to fight recklessly!
You are too injured to fight recklessly!
You are too injured to fight recklessly!
You tentacle-slap the orc warrior but do no damage.
You squeeze the orc warrior, but do no damage.
You constrict the orc warrior. The orc warrior completely misses you.
You tentacle-slap the orc warrior. You constrict the orc warrior.
The orc warrior barely misses you.
You tentacle-slap the orc warrior but do no damage.
You constrict the orc warrior, but do no damage.
The orc warrior hits you with a +0 broad axe!
* * * LOW HITPOINT WARNING * * *
You take 11 damage, and have 8/55 hp.
You release your grip on the orc warrior.
Things that are here:
7 gold pieces; a +0 flail The orc warrior attacks as it pursues you!
The orc warrior misses you.
Press: ? - help, Shift-Dir - straight line
Okay, then.
It was a potion of brilliance.
You feel clever all of a sudden.
The orc warrior hits you with a +0 broad axe!
You die...
Your body crumbles into a pile of gold.

#.# #.# #.# #.## #..
#.# # ######.#####.#
.###....ho..$...#
........#########
#..#####.##.# #..#.#
# #.# #..#.. #)#
#....## #.#
#####.#P.P#####.#.###
......##.##........>#
###.#P#...#P.####.#.#


You could see an orc warrior.

Vanquished Creatures
  Sigmund (D:5)
  A sky beast (D:6)
  An ogre (D:5)
  A centaur (D:5)
  A phantom (D:5)
  A bullfrog (D:6)
  A scorpion (D:6)
  A howler monkey (D:4)
  A sleepcap (D:4)
  4 iguanas
  An orc wizard (D:6)
  7 adders
  3 worms
  2 dart slugs (D:4)
  8 orcs
  5 ball pythons
  8 endoplasms
  6 giant cockroaches
  11 hobgoblins
  12 jackals
  2 bats
  3 frilled lizards
  5 goblins
  3 kobolds
  A rat (D:2)
90 creatures vanquished.

Notes
Turn   | Place    | Note
-------+----------+-------------------------------------------
     0 | D:1      | Whiskey the Octopode Shapeshifter began the quest for the
                  | Orb.
     0 | D:1      | Reached XP level 1. HP: 13/13 MP: 1/1
     6 | D:1      | Noticed a polar bear
     6 | D:1      | Noticed a snapping turtle
     6 | D:1      | Noticed a lindwurm
     7 | D:1      | Noticed a scorpion
     7 | D:1      | Noticed a wyvern
   279 | D:1      | Reached XP level 2. HP: 14/18 MP: 2/2
   431 | D:1      | Found Towoakk's Armour Shoppe.
   740 | D:2      | Reached XP level 3. HP: 23/23 MP: 3/3
   757 | D:2      | Found a faded altar of an unknown god.
   874 | D:2      | Reached skill level 2 in Fighting
   979 | D:2      | Reached XP level 4. HP: 22/29 MP: 4/4
   985 | D:2      | HP: 1/29 [worm (9)]
  1170 | D:2      | Reached skill level 4 in Shapeshifting
  1734 | D:3      | Reached XP level 5. HP: 31/35 MP: 5/5
  1735 | D:3      | Found an iron altar of Okawaru.
  2003 | D:3      | Found a sacrificial altar of Ru.
  2234 | D:3      | Found a faded altar of an unknown god.
  2234 | D:3      | Found the Hermit's Pendant {Faith Invo=14 Evo=0 MP+5}
  2317 | D:4      | Identified the "Iriocs"
  2376 | D:4      | HP: 8/36 [sleepcap (3)]
  2379 | D:4      | Reached skill level 3 in Fighting
  2620 | D:4      | Reached skill level 5 in Shapeshifting
  2620 | D:4      | Reached XP level 6. HP: 35/42 MP: 6/6
  3008 | D:4      | Found Ojerhat's Gadget Gallery.
  3255 | D:5      | Entered Level 5 of the Dungeon
  3612 | D:5      | Reached XP level 7. HP: 43/47 MP: 7/7
  3638 | D:5      | Reached skill level 4 in Fighting
  3638 | D:5      | Reached skill level 6 in Shapeshifting
  3713 | D:5      | Found a hazy altar of Hepliaklqana.
  3713 | D:5      | Found a bloodstained altar of Trog.
  3753 | D:5      | Noticed Sigmund
  3822 | D:5      | Killed Sigmund
  4374 | D:6      | Found a staircase to the Ecumenical Temple.
  4382 | D:6      | Reached skill level 7 in Shapeshifting
  4382 | D:6      | Reached XP level 8. HP: 22/54 MP: 8/8
  4385 | D:6      | HP: 13/54 [poisoned by a scorpion]
  4388 | Temple   | Entered the Ecumenical Temple
  4390 | Temple   | HP: 8/54 [poisoned by a scorpion]
  4554 | Temple   | Became a worshipper of Gozag Ym Sagoz the Greedy
  4577 | D:6      | Reached skill level 5 in Fighting
  4633 | D:6      | HP: 8/55 [orc warrior/+0 broad axe (11)]
  4639 | D:6      | Slain by an orc warrior

Illustrated notes

Levels and vault maps discovered:
D:1:      onia_arrival_zoo_common, layout_loops_ring, serial_shops,
          nicolae_shop_trees
D:2:      layout_basic, chequers_ecumenical_altar_simple, serial_park_tiny_pond,
          grunt_ministairs_14, minmay_heptomino_w4
D:3:      layout_basic, okawaru_altar_gauntlet_db, nicolae_ru_path_of_blood,
          hellmonk_guarded_unrand_hermit
D:4:      layout_loops_ring, nicolae_shop_gadgets
D:5:      layout_cave_pods, mainiacjoe_overflow_divided_tiny, uniq_sigmund
D:6:      layout_basic, minmay_temple_entry_gardened_gates,
          dreamdust_princess_bridge
Temple:   sentei_temple_godly_chess

Skill      XL: |  1  2  3  4  5  6  7  8 |
---------------+-------------------------+-----
Fighting       | 2 3 4 5 |  5.2
Shapeshifting  | 4 5 7 |  7.3
Dodging        | |  2.2
Unarmed Combat | |  3.1

Action                     |  1- 3 |  4- 6 |  7- 9 || total
---------------------------+-------+-------+-------++-------
  Melee: Unarmed           |    51 |   115 |    45 ||   211
         Constrict         |    13 |    33 |     6 ||    52
         Tentacles         |    10 |    31 |    10 ||    51
         Punch             |     2 |     2 |     2 ||     6
    Use: Potion            |       |       |     1 ||     1
   Stab: Sleeping          |     6 |     8 |       ||    14
 Armour: Skin              |    19 |    36 |    24 ||    79
  Dodge: Dodged            |    29 |    50 |    28 ||   107

Table legend: (Time is in decaauts)
 A = Elapsed time spent in this place.
 B = Non-inter-level travel time spent in this place.
 C = Inter-level travel time spent in this place.
 D = Time resting spent in this place.
 E = Time spent auto-exploring this place.
 F = Levels seen in this place.
 G = Mean time per level.
                   A        B        C        D        E       F      G
               +--------+--------+--------+--------+--------+-----+--------+
         Total |   4626 |   4489 |    137 |    541 |   3313 |   7 |  660.9 |
       Dungeon |   4451 |   4314 |    137 |    384 |   3313 |   6 |  741.8 |
        Temple |    174 |    174 |      0 |    157 |      0 |   1 |  174.0 |
               +--------+--------+--------+--------+--------+-----+--------+

Top non-repeatable levels by time:
     D:4: 935 daAuts
     D:2: 877 daAuts
     D:5: 842 daAuts
     D:3: 728 daAuts
     D:1: 705 daAuts
     D:6: 362 daAuts
  Temple: 174 daAuts

Levels and vault maps discovered:
D:1:      onia_arrival_zoo_common, layout_loops_ring, serial_shops,
          nicolae_shop_trees
D:2:      layout_basic, chequers_ecumenical_altar_simple, serial_park_tiny_pond,
          grunt_ministairs_14, minmay_heptomino_w4
D:3:      layout_basic, okawaru_altar_gauntlet_db, nicolae_ru_path_of_blood,
          hellmonk_guarded_unrand_hermit
D:4:      layout_loops_ring, nicolae_shop_gadgets
D:5:      layout_cave_pods, mainiacjoe_overflow_divided_tiny, uniq_sigmund
D:6:      layout_basic, minmay_temple_entry_gardened_gates,
          dreamdust_princess_bridge
Temple:   sentei_temple_godly_chess

Table legend: (Time is in decaauts)
 A = Elapsed time spent in this place.
 B = Non-inter-level travel time spent in this place.
 C = Inter-level travel time spent in this place.
 D = Time resting spent in this place.
 E = Time spent auto-exploring this place.
 F = Levels seen in this place.
 G = Mean time per level.
                   A        B        C        D        E       F      G
               +--------+--------+--------+--------+--------+-----+--------+
         Total |   4626 |   4489 |    137 |    541 |   3313 |   7 |  660.9 |
       Dungeon |   4451 |   4314 |    137 |    384 |   3313 |   6 |  741.8 |
        Temple |    174 |    174 |      0 |    157 |      0 |   1 |  174.0 |
               +--------+--------+--------+--------+--------+-----+--------+

Top non-repeatable levels by time:
     D:4: 935 daAuts
     D:2: 877 daAuts
     D:5: 842 daAuts
     D:3: 728 daAuts
     D:1: 705 daAuts
     D:6: 362 daAuts
  Temple: 174 daAuts

Table legend:
 A = Kills in this place as a percentage of kills in the entire game.
 B = Kills by you in this place as a percentage of kills by you in the entire game.
 C = Kills by friends in this place as a percentage of kills by friends in the entire game.
 D = Other kills in this place as a percentage of other kills in the entire game.
 E = Experience gained in this place as a percentage of experience gained in the entire game.
 F = Experience gained in this place divided by the number of levels of this place that you have seen.
                   A       B       C       D       E      F
               +-------+-------+-------+-------+-------+----------------------
         Total | 100.0 | 100.0 |   N/A |   N/A | 100.0 | 196.4
       Dungeon | 100.0 | 100.0 |   N/A |   N/A | 100.0 | 229.2
               +-------+-------+-------+-------+-------+----------------------
